 Dungeon Crawl Stone Soup version 0.14-a0-2340-g8df0fbc (webtiles) character file.

269 Herrn the Skirmisher (level 5, -7/44 HPs)
             Began as a Djinni Fighter on Jan 30, 2014.
             Killed from afar by an orc wizard (12 damage)
             ... with a puff of frost
             ... on Level 3 of the Dungeon.
             The game lasted 00:06:22 (1835 turns).

Herrn the Skirmisher (Djinni Fighter)               Turns: 1835, Time: 00:06:24

HP  -7/44        AC  9     Str 16      XL: 5   Next: 32%
MP   0/0         EV  4     Int  9      God:
Gold 91          SH 18     Dex 13      Spells:  0 memorised,  4 levels left

rFire  + + +     SeeInvis .     k - +0 mace
rCold  x . .     Clarity  .     n - +0 chain mail
rNeg   + + +     Conserve .     c - +0 shield
rPois  .         rCorr    .     (no helmet)
rElec  .         rRot     .     (no cloak)
SustAb . .       Spirit   .     (no gloves)
rMut   .         Warding  .     (boots unavailable)
Saprov . . .     Stasis   .     (no amulet)
MR     .....                    (no ring)
                                r - ring of positive energy {unknown}

@: flying, not resistant to hostile enchantments, extremely unstealthy
A: fire immunity, cold vulnerability, life protection 3
a: no special abilities


You were on level 3 of the Dungeon.
You were not hungry.

You visited 1 branch of the dungeon, and saw 3 of its levels.

You collected 91 gold pieces.

Inventory:

Hand weapons
 a - a +0,+0 mace
 i - a +0,+0 mace
 k - a +0,+0 mace (weapon)
Armour
 b - a +0 scale mail
 c - a +0 shield (worn)
 n - a +0 chain mail (worn)
Scrolls
 e - 2 scrolls of curse armour {unknown}
 g - a scroll of curse weapon {unknown}
 h - 5 scrolls of identify {unknown}
 j - a scroll of fear {unknown}
 l - a scroll of magic mapping {unknown}
 p - 2 scrolls of remove curse {unknown}
 s - a scroll of enchant weapon I {unknown}
 t - a scroll of blinking {unknown}
 u - a scroll of curse jewellery {unknown}
Jewellery
 r - a ring of positive energy (left hand) {unknown}
Potions
 d - a potion of degeneration {unknown}
 f - a potion of heal wounds {unknown}
 o - a potion of poison {unknown}
 q - a potion of confusion {unknown}
 v - a potion of speed {unknown}


   Skills:
 * Level 5.0 Fighting
 + Level 3.2 Maces & Flails
 - Level 3.2 Armour
 - Level 3.0 Shields


You had 4 spell levels left.
You didn't know any spells.

Dungeon Overview and Level Annotations

Branches:
Dungeon (3/16)

Altars:
Ashenzari
Okawaru


Innate Abilities, Weirdness & Mutations

You are immune to all types of fire, even holy and hellish.
You are vulnerable to cold.
You need no food.
You have no legs.
You are immune to negative energy.


Message History

You kill the orc!
The orc priest mumbles some strange prayers to Beogh against you.
Pain shoots through your body!
* * * LOW HITPOINT WARNING * * *
The orc wizard hits you with an orcish dagger.
* * * LOW HITPOINT WARNING * * *
The orc wizard hits you but does no damage.
You hit the orc priest.
The orc priest is severely wounded.
You block the orc wizard's attack.
The orc priest becomes somewhat translucent.
You block the orc wizard's attack.
You hit the orc priest but do no damage.
The orc priest is severely wounded.
The orc wizard is no longer moving quickly.
The orc wizard hits you but does no damage.
The orc priest hits you but does no damage.
The orc wizard gestures at you while chanting.
The puff of frost hits you!
You feel a terrible chill!
You die...

#........%......# #.# . #
#.#........#....# #.# ..
##.#.###%##.#######....#####.##..
#............%..)(....<..........
#.................###.#.......#..
#................(# #.#..........
.................###.#.......##.
..............o.................
!.............o@.......####%###.
.............######.#.####.###.
.............# #............
........$....# #........###.
.........#### ........# #.
.......... ........# #.
........... (.......# #.
........... ........###.
........[.. ............


You could see an orc priest and an orc wizard.

Vanquished Creatures
  A scorpion (D:3)
  An orc wizard (D:3)
  6 adders
  A giant mite (D:2)
  3 giant geckos
  An ooze (D:2)
  7 orcs (D:3)
  2 giant cockroaches
  7 goblins
  7 hobgoblins
  6 bats
  A giant newt (D:2)
  7 jackals
  5 kobolds
  A quokka (D:3)
  7 rats
63 creatures vanquished.

Notes
Turn   | Place    | Note
--------------------------------------------------------------
     0 | D:1      | Herrn, the Djinni Fighter, began the quest for the Orb.
     0 | D:1      | Reached XP level 1. HP: 16/16 MP: 0/0
   269 | D:1      | Found an iron altar of Okawaru.
   293 | D:1      | Reached XP level 2. EP: 21/23
   806 | D:2      | Reached XP level 3. EP: 21/30
   970 | D:2      | Found a shattered altar of Ashenzari.
  1030 | D:2      | Reached skill level 4 in Fighting
  1181 | D:2      | Reached XP level 4. EP: 27/37
  1542 | D:3      | Reached XP level 5. EP: 33/43
  1779 | D:3      | Reached skill level 5 in Fighting
  1835 | D:3      | Killed from afar by an orc wizard

Action                   |  1- 3 |  4- 6 || total
-------------------------+-------+-------++-------
Melee: Mace              |   131 |   171 ||   302
  Use: Potion            |       |     2 ||     2
